Map: Habitation Station LE (Void)

Players

Nerchio - Winner!

  • Race: Zerg Zerg
  • Spawn Location: 11:00

Beastyqt

  • Race: Terran Terran
  • Spawn Location: 1:00

Event: WESG 2016 Finals

VOD

Have the link to the VOD?

Description

Time

  • Played on: Jan. 12, 2017, 5:23 a.m.
  • Length: 5:02

All games in this series

Show
View Real Time Build Order
Export as new Build Order

Nerchio Zerg - Winner!

Build Orders: Pool First 

Get SALT Encoding   

  12  0:00  Drone  
  13  0:12  Overlord  
  13  0:17  Drone  
  14  0:31  Drone x2  
  14  0:34  Drone  
  17  0:45  Spawning Pool  
  17  0:48  Drone  
  17  1:09  Hatchery  
  16  1:12  Drone  
  16  1:17  Drone, Extractor  
  17  1:20  Drone  
  18  1:31  Queen  
  20  1:34  Zergling x2  
  20  1:39  Drone  
  22  1:49  Overlord  
  22  2:07  Queen  
  24  2:08  Drone  
  24  2:11  Drone  
  26  2:19  Metabolic Boost  
  25  2:32  Drone, Hatchery  
  25  2:35  Drone  
  26  2:37  Drone  
  26  2:41  Drone  
  26  2:43  Drone  
  29  2:47  Drone  
  29  2:50  Drone  
  31  2:53  Drone  
  32  3:02  Overlord  
  32  3:03  Drone x2  
  32  3:05  Drone  
  35  3:11  Overlord  
  35  3:14  Overlord  
  35  3:22  Zergling x2  
  35  3:23  Zergling x2  
  35  3:24  Roach Warren  
  35  3:26  Zergling x2  
  37  3:29  Drone  
  37  3:31  Drone  
  37  3:32  Drone  
  40  3:35  Drone  
  40  3:36  Drone  
  42  3:43  Queen  
  42  3:46  Drone  
  42  3:47  Drone x2  
  47  3:53  Overlord, Extractor  
  46  4:00  Spore Crawler, Zergling x2  
  46  4:01  Zergling x4  
  46  4:02  Zergling x2  
  49  4:05  Spore Crawler  
  47  4:10  Zergling x4  
  47  4:14  Zergling x4  
  47  4:16  Drone x2  
  53  4:17  Drone  
  53  4:19  Drone  
  53  4:21  Drone  
  53  4:23  Drone  
  57  4:25  Drone x2  
  59  4:37  Zergling x2  
  59  4:38  Zergling x6  
  62  4:42  Zergling x2  
Show
View Real Time Build Order
Export as new Build Order

Beastyqt Terran 

Build Orders:  

Get SALT Encoding   

  12  0:00  SCV  
  13  0:12  SCV  
  14  0:17  Supply Depot  
  14  0:24  SCV  
  15  0:31  Refinery  
  15  0:38  SCV  
  16  0:47  Barracks  
  16  0:50  SCV  
  17  1:02  SCV  
  18  1:15  SCV  
  19  1:27  SCV  
  20  1:33  Reaper  
  20  1:39  Orbital Command  
  21  1:47  Command Center  
  21  2:00  Factory  
  21  2:04  SCV  
  21  2:08  Refinery, Barracks Reactor  
  22  2:16  SCV  
  22  2:19  Supply Depot  
  23  2:35  Bunker  
  23  2:41  SCV  
  24  2:45  Marine, Starport  
  24  2:47  Marine  
  26  2:53  SCV, Widow Mine  
  29  3:00  Orbital Command  
  29  3:05  SCV  
  29  3:06  Marine  
  29  3:07  Marine  
  31  3:17  SCV  
  32  3:21  Medivac  
  34  3:27  Marine x2  
  34  3:29  SCV  
  37  3:36  SCV  
  37  3:37  Fusion Core, Factory Tech Lab  
  38  3:41  SCV  
  38  3:43  Supply Depot  
  38  3:46  Marine  
  38  3:47  Marine  
  41  3:48  SCV  
  43  3:55  SCV  
  43  4:01  SCV  
  44  4:04  Marine  
  44  4:05  Marine  
  44  4:07  SCV, Supply Depot  
  47  4:16  Siege Tank  
  47  4:24  SCV  
  47  4:27  Starport Tech Lab  
  47  4:29  SCV  
  46  4:35  Marine x2  
  46  4:37  SCV  
  47  4:44  SCV  
Tags
 
Add a new tag
Caveats
  • Supply blocks, unpowered buildings, or Contaminate may cause inaccurate times.
  • Supply counts are checked every 10 seconds.